| TOP OF THE 1ST |
|
Cincinnati Reds batting - Pitching for Arizona Diamondbacks : RHP Marcus Wolfe
|
|
Pitching: RHP Marcus Wolfe
|
|
|
Batting: RHB Willie Lazcano
|
0-0: Ball 1-0: Ball 2-0: Foul Ball, location: 2F 2-1: Ball 3-1: Base on Balls
|
|
Batting: SHB Dave Barefoot
|
0-0: Ball 1-0: Called Strike 1-1: Ball 2-1: Called Strike Willie Lazcano is caught stealing 2nd base 2-6 2-2: Strikes out swinging
|
|
Batting: SHB Saulo Maina
|
0-0: Called Strike 0-1: Fly out, F9 (Flyball, 89M, EV 96.9 MPH)
|
| Top of the 1st over - 0 runs, 0 hits, 0 errors, 0 left on base; Cincinnati 0 - Arizona 0 |
| BOTTOM OF THE 1ST |
|
Arizona Diamondbacks batting - Pitching for Cincinnati Reds : LHP Jeff Baker
|
|
Pitching: LHP Jeff Baker
|
|
|
Batting: RHB Katilimomi Kelekolio
|
0-0: Called Strike 0-1: Ball 1-1: Ground out U3 (Groundball, 34S, EV 86.9 MPH)
|
|
Batting: SHB Alec Thorpe
|
0-0: Called Strike 0-1: Ball 1-1: Ball 2-1: Ball 3-1: Called Strike 3-2: Foul Ball, location: 2F 3-2: Foul Ball, location: 2F 3-2: Foul Ball, location: 2F 3-2: SINGLE (Line Drive, 9S, EV 89.4 MPH)
|
|
Batting: RHB David Price Jr.
|
0-0: Ball 1-0: Called Strike Alec Thorpe is caught stealing 2nd base 2-4 1-1: Hit by Pitch
|
|
Batting: RHB Billy Crookston
|
0-0: Ball 1-0: Ball 2-0: Ball 3-0: Called Strike 3-1: Base on Balls David Price Jr. to second
|
|
Batting: SHB Salvador Aragon
|
0-0: Ball 1-0: Fly out, F7 (Flyball, 8LS, EV 85.6 MPH)
|
| Bottom of the 1st over - 0 runs, 1 hit, 0 errors, 2 left on base; Cincinnati 0 - Arizona 0 |
| TOP OF THE 2ND |
|
Cincinnati Reds batting - Pitching for Arizona Diamondbacks : RHP Marcus Wolfe
|
|
Batting: LHB Jon Ledesma
|
0-0: Ball 1-0: Ball 2-0: Called Strike 2-1: Ball 3-1: Base on Balls
|
|
Batting: RHB Fred Slade
|
0-0: Ball 1-0: Ball 2-0: Called Strike 2-1: Foul Ball, location: 2F 2-2: Ball 3-2: Base on Balls Jon Ledesma to second
|
|
Batting: LHB Chris Grunwald
|
0-0: Foul Ball, location: 2F 0-1: Fielders Choice at 3rd, U5 (Groundball, 5L, EV 90.0 MPH) Fred Slade to second
|
|
Batting: LHB Antonio Figueroa
|
0-0: Ball 1-0: Swinging Strike 1-1: Foul Ball, location: 2F 1-2: Strikes out looking
|
|
Batting: RHB Joseph Kirchmann
|
0-0: Called Strike 0-1: Foul Ball, location: 2F 0-2: Foul Ball, location: 2F 0-2: Strikes out looking
|
| Top of the 2nd over - 0 runs, 0 hits, 0 errors, 2 left on base; Cincinnati 0 - Arizona 0 |
| BOTTOM OF THE 2ND |
|
Arizona Diamondbacks batting - Pitching for Cincinnati Reds : LHP Jeff Baker
|
|
Batting: RHB Jon Solano
|
0-0: Ball 1-0: Called Strike 1-1: Ball 2-1: Called Strike 2-2: Ground out 6-3 (Groundball, 6, EV 78.1 MPH)
|
|
Batting: SHB Warren Eisner
|
0-0: SINGLE (Groundball, 4MD, EV 96.2 MPH)
|
|
Batting: LHB Roy Steigerwald
|
0-0: Ball 1-0: Foul Ball, location: 2F 1-1: Foul Ball, location: 2F 1-2: Fielders Choice at 2nd, 6-4 (Groundball, 6M, EV 85.0 MPH)
|
|
Batting: LHB Jeff Densmore
|
0-0: Fly out, F3 (Popup, 3, EV 60.0 MPH)
|
| Bottom of the 2nd over - 0 runs, 1 hit, 0 errors, 1 left on base; Cincinnati 0 - Arizona 0 |
| TOP OF THE 3RD |
|
Cincinnati Reds batting - Pitching for Arizona Diamondbacks : RHP Marcus Wolfe
|
|
Batting: RHB Omar Quintana
|
0-0: Foul Ball, location: 2F 0-1: Foul Ball, location: 7LSF, Error on foul ball, E7 0-2: Ball 1-2: Ball 2-2: Ball 3-2: Base on Balls
|
|
Batting: RHB Willie Lazcano
|
0-0: Called Strike 0-1: Ball Wild Pitch! Omar Quintana to second 1-1: Ball 2-1: Swinging Strike 2-2: Strikes out looking
|
|
Batting: SHB Dave Barefoot
|
0-0: Swinging Strike 0-1: Ground out 4-3 (Groundball, 4, EV 80.0 MPH) Omar Quintana to third
|
|
Batting: SHB Saulo Maina
|
0-0: Foul Ball, location: 2F 0-1: SINGLE (Groundball, 34D, EV 101.2 MPH) Omar Quintana scores
|
|
Batting: LHB Jon Ledesma
|
0-0: Called Strike 0-1: Ball 1-1: Ball 2-1: Ball 3-1: Base on Balls Saulo Maina to second
|
|
Batting: RHB Fred Slade
|
0-0: Ball 1-0: Fielders Choice at 2nd, 5-4 (Groundball, 5L, EV 90.6 MPH)
|
| Top of the 3rd over - 1 run, 1 hit, 1 error, 2 left on base; Cincinnati 1 - Arizona 0 |
| BOTTOM OF THE 3RD |
|
Arizona Diamondbacks batting - Pitching for Cincinnati Reds : LHP Jeff Baker
|
|
Batting: RHB Katilimomi Kelekolio
|
0-0: Ball 1-0: Foul Ball, location: 2F 1-1: Foul Ball, location: 2F 1-2: Strikes out swinging
|
|
Batting: SHB Alec Thorpe
|
0-0: Bunt for hit to P - play at first, batter OUT! 1-3
|
|
Batting: RHB David Price Jr.
|
0-0: Ground out 6-3 (Groundball, 6, EV 111.9 MPH)
|
| Bottom of the 3rd over - 0 runs, 0 hits, 0 errors, 0 left on base; Cincinnati 1 - Arizona 0 |
| TOP OF THE 4TH |
|
Cincinnati Reds batting - Pitching for Arizona Diamondbacks : RHP Marcus Wolfe
|
|
Batting: LHB Chris Grunwald
|
0-0: Foul Ball, location: 2F 0-1: Foul Ball, location: 2F 0-2: Foul Ball, location: 2F 0-2: Ball 1-2: Ground out 4-3 (Groundball, 4, EV 81.9 MPH)
|
|
Batting: LHB Antonio Figueroa
|
0-0: Swinging Strike 0-1: Foul Ball, location: 2F 0-2: Foul Ball, location: 2F 0-2: Strikes out looking
|
|
Batting: RHB Joseph Kirchmann
|
0-0: Ball 1-0: Called Strike 1-1: Swinging Strike 1-2: Foul Ball, location: 2F 1-2: Strikes out looking
|
| Top of the 4th over - 0 runs, 0 hits, 0 errors, 0 left on base; Cincinnati 1 - Arizona 0 |
| BOTTOM OF THE 4TH |
|
Arizona Diamondbacks batting - Pitching for Cincinnati Reds : LHP Jeff Baker
|
|
Batting: RHB Billy Crookston
|
0-0: Ground out 5-3 (Groundball, 56S, EV 83.8 MPH)
|
|
Batting: SHB Salvador Aragon
|
0-0: Called Strike 0-1: Ball 1-1: Foul Ball, location: 2F 1-2: Ball 2-2: Foul Ball, location: 2F 2-2: Foul Ball, location: 2F 2-2: Foul Ball, location: 2F 2-2: Strikes out swinging
|
|
Batting: RHB Jon Solano
|
0-0: Ball 1-0: Called Strike 1-1: SINGLE (Groundball, 6, EV 94.4 MPH)
|
|
Batting: SHB Warren Eisner
|
0-0: Foul Ball, location: 2F 0-1: Called Strike Jon Solano is caught stealing 2nd base 2-4
|
| Bottom of the 4th over - 0 runs, 1 hit, 0 errors, 0 left on base; Cincinnati 1 - Arizona 0 |
| TOP OF THE 5TH |
|
Cincinnati Reds batting - Pitching for Arizona Diamondbacks : RHP Marcus Wolfe
|
|
Batting: RHB Omar Quintana
|
0-0: Called Strike 0-1: Swinging Strike 0-2: Strikes out looking
|
|
Batting: RHB Willie Lazcano
|
0-0: Ball 1-0: Ball 2-0: SINGLE (Groundball, 4MS, EV 61.2 MPH) (infield hit)
|
|
Batting: SHB Dave Barefoot
|
0-0: Fly out, F9 (Flyball, 9S, EV 92.5 MPH)
|
|
Batting: SHB Saulo Maina
|
0-0: 2-RUN HOME RUN (Flyball, 89XD, EV 108.1 MPH), Distance : 389 ft
|
|
Batting: LHB Jon Ledesma
|
0-0: Ball 1-0: Called Strike 1-1: Swinging Strike 1-2: Strikes out looking
|
| Top of the 5th over - 2 runs, 2 hits, 0 errors, 0 left on base; Cincinnati 3 - Arizona 0 |
| BOTTOM OF THE 5TH |
|
Arizona Diamondbacks batting - Pitching for Cincinnati Reds : LHP Jeff Baker
|
|
Batting: SHB Warren Eisner
|
0-0: Ball 1-0: Called Strike 1-1: SINGLE (Flyball, 4MD, EV 96.2 MPH)
|
|
Batting: LHB Roy Steigerwald
|
0-0: Called Strike 0-1: Swinging Strike 0-2: Ball 1-2: SINGLE (Line Drive, 7S, EV 95.0 MPH) Warren Eisner to second
|
|
Batting: LHB Jeff Densmore
|
0-0: Hit by Pitch Warren Eisner to third Roy Steigerwald to second
|
|
Batting: RHB Katilimomi Kelekolio
|
0-0: Ball 1-0: Ball 2-0: Ball 3-0: Base on Balls Warren Eisner scores Roy Steigerwald to third Jeff Densmore to second
|
|
Batting: SHB Alec Thorpe
|
0-0: Called Strike 0-1: Ball 1-1: Swinging Strike 1-2: Strikes out swinging
|
|
Batting: RHB David Price Jr.
|
0-0: Ball 1-0: Called Strike 1-1: Called Strike 1-2: Ball 2-2: Foul Ball, location: 2F 2-2: Ball 3-2: Base on Balls Roy Steigerwald scores Jeff Densmore to third Katilimomi Kelekolio to second
|
|
Batting: RHB Billy Crookston
|
0-0: Grounds into fielders choice 6-2 (Groundball, 6MS, EV 78.8 MPH) Katilimomi Kelekolio to third David Price Jr. to second
|
|
Batting: SHB Salvador Aragon
|
0-0: Ball 1-0: Ball 2-0: Called Strike 2-1: Swinging Strike 2-2: Ball 3-2: Ground out 6-3 (Groundball, 6, EV 100.6 MPH)
|
| Bottom of the 5th over - 2 runs, 2 hits, 0 errors, 3 left on base; Cincinnati 3 - Arizona 2 |
| TOP OF THE 6TH |
|
Cincinnati Reds batting - Pitching for Arizona Diamondbacks : RHP Marcus Wolfe
|
|
Batting: RHB Fred Slade
|
0-0: Ball 1-0: Ball 2-0: Swinging Strike 2-1: Swinging Strike 2-2: Ball 3-2: Foul Ball, location: 2F 3-2: Strikes out swinging
|
|
Batting: LHB Chris Grunwald
|
0-0: Ball 1-0: Ball 2-0: Ball 3-0: Called Strike 3-1: Called Strike 3-2: Base on Balls
|
|
Batting: LHB Antonio Figueroa
|
0-0: Fly out, F2 (Popup, 25F, EV 91.2 MPH)
|
|
Batting: RHB Joseph Kirchmann
|
0-0: Ball 1-0: Ball 2-0: Foul Ball, location: 2F 2-1: Fly out, F8 (Flyball, 8LS, EV 90.6 MPH)
|
| Top of the 6th over - 0 runs, 0 hits, 0 errors, 1 left on base; Cincinnati 3 - Arizona 2 |
| BOTTOM OF THE 6TH |
|
Arizona Diamondbacks batting - Pitching for Cincinnati Reds : LHP Jeff Baker
|
|
Batting: RHB Jon Solano
|
0-0: Foul Ball, location: 2F 0-1: Ball 1-1: Fly out, F9 (Flyball, 9LD, EV 98.8 MPH)
|
|
Batting: SHB Warren Eisner
|
0-0: Called Strike 0-1: Swinging Strike 0-2: Ball 1-2: Strikes out swinging
|
|
Batting: LHB Roy Steigerwald
|
0-0: Called Strike 0-1: SINGLE (Line Drive, 89S, EV 90.6 MPH)
|
|
Batting: LHB Jeff Densmore
|
0-0: Ball 1-0: Ball 2-0: Ball 3-0: Called Strike 3-1: Foul Ball, location: 2F 3-2: Base on Balls Roy Steigerwald to second
|
|
Batting: RHB Katilimomi Kelekolio
|
0-0: Swinging Strike 0-1: Fly out, F9 (Flyball, 9LM, EV 77.5 MPH)
|
| Bottom of the 6th over - 0 runs, 1 hit, 0 errors, 2 left on base; Cincinnati 3 - Arizona 2 |
| TOP OF THE 7TH |
|
Cincinnati Reds batting - Pitching for Arizona Diamondbacks : RHP Marcus Wolfe
|
|
Batting: RHB Omar Quintana
|
0-0: Ball 1-0: Ball 2-0: Fly out, F9 (Flyball, 89M, EV 88.8 MPH)
|
|
Pitching: LHP Mario Valdivia
|
|
|
Batting: RHB Willie Lazcano
|
0-0: Ball 1-0: Called Strike 1-1: SINGLE (Groundball, 6MD, EV 102.5 MPH)
|
|
Batting: SHB Dave Barefoot
|
0-0: Called Strike 0-1: Foul Ball, location: 2F 0-2: Grounds into double play, 6-4-3 (Groundball, 56, EV 86.2 MPH)
|
| Top of the 7th over - 0 runs, 1 hit, 0 errors, 0 left on base; Cincinnati 3 - Arizona 2 |
| BOTTOM OF THE 7TH |
|
Arizona Diamondbacks batting - Pitching for Cincinnati Reds : LHP Jeff Baker
|
|
Batting: SHB Alec Thorpe
|
0-0: Foul Ball, location: 2F 0-1: Ball 1-1: Swinging Strike 1-2: Ball 2-2: Ball 3-2: Foul Ball, location: 2F 3-2: Foul Ball, location: 2F 3-2: Strikes out swinging
|
|
Pitching: RHP Westin Silveira
|
|
|
Batting: RHB David Price Jr.
|
0-0: Called Strike 0-1: Ball 1-1: Ball 2-1: Ball 3-1: Foul Ball, location: 2F 3-2: SINGLE (Groundball, 4MD, EV 106.2 MPH)
|
|
Batting: LHB Eric Klasek
|
0-0: Called Strike 0-1: Swinging Strike 0-2: Strikes out looking
|
|
Batting: SHB Salvador Aragon
|
0-0: Called Strike David Price Jr. is caught stealing 2nd base 2-6
|
| Bottom of the 7th over - 0 runs, 1 hit, 0 errors, 0 left on base; Cincinnati 3 - Arizona 2 |
| TOP OF THE 8TH |
|
Cincinnati Reds batting - Pitching for Arizona Diamondbacks : LHP Mario Valdivia
|
|
Batting: SHB Saulo Maina
|
0-0: Ball 1-0: Ball 2-0: Called Strike 2-1: Swinging Strike 2-2: Ball 3-2: Foul Ball, location: 2F 3-2: Strikes out swinging, 2-3 out at first.
|
|
Batting: LHB Jon Ledesma
|
0-0: Foul Ball, location: 2F 0-1: Ball 1-1: Ball 2-1: Foul Ball, location: 2F 2-2: Ball 3-2: Ground out 6-3 (Groundball, 4M, EV 86.2 MPH)
|
|
Batting: RHB Fred Slade
|
0-0: Ball 1-0: Foul Ball, location: 2F 1-1: Ball 2-1: Ground out 5-3 (Groundball, 5L, EV 93.1 MPH)
|
| Top of the 8th over - 0 runs, 0 hits, 0 errors, 0 left on base; Cincinnati 3 - Arizona 2 |
| BOTTOM OF THE 8TH |
|
Arizona Diamondbacks batting - Pitching for Cincinnati Reds : RHP Westin Silveira
|
|
Batting: SHB Salvador Aragon
|
0-0: Ball 1-0: Ball 2-0: Ball 3-0: Base on Balls
|
|
Batting: RHB Jon Solano
|
0-0: Sac Bunt to 15 - play at first, batter OUT! 1-3 Salvador Aragon to second
|
|
Batting: SHB Warren Eisner
|
0-0: Called Strike 0-1: Swinging Strike 0-2: Ball 1-2: Ball 2-2: Strikes out swinging
|
|
Batting: LHB Roy Steigerwald
|
0-0: Hit by Pitch
|
|
Batting: LHB Jeff Densmore
|
0-0: 3-RUN HOME RUN (Flyball, 9D, EV 96.9 MPH), Distance : 367 ft
|
|
Pitching: RHP Justin Ezzell
|
|
|
Batting: RHB Katilimomi Kelekolio
|
0-0: Foul Ball, location: 2F 0-1: Called Strike 0-2: Ball 1-2: Ball 2-2: Foul Ball, location: 2F 2-2: Ball 3-2: Fly out, F7 (Flyball, 7, EV 81.2 MPH)
|
| Bottom of the 8th over - 3 runs, 1 hit, 0 errors, 0 left on base; Cincinnati 3 - Arizona 5 |
| TOP OF THE 9TH |
|
Cincinnati Reds batting - Pitching for Arizona Diamondbacks : LHP Mario Valdivia
|
|
Pitching: LHP Chris Baran
|
|
|
Now in CF: Andrew Wray II
|
|
|
Batting: LHB Chris Grunwald
|
0-0: Ball 1-0: Foul Ball, location: 2F 1-1: Swinging Strike 1-2: Strikes out looking
|
|
Batting: LHB Antonio Figueroa
|
0-0: Ball 1-0: Ball 2-0: Called Strike 2-1: Ball 3-1: Ground out 6-3 (Groundball, 6M, EV 83.8 MPH)
|
|
Batting: RHB Joseph Kirchmann
|
0-0: Ball 1-0: Ball 2-0: Ball 3-0: Called Strike 3-1: Foul Ball, location: 2F 3-2: Strikes out swinging
|
| Top of the 9th over - 0 runs, 0 hits, 0 errors, 0 left on base; Cincinnati 3 - Arizona 5 |
|